 Dungeon Crawl Stone Soup version 0.29-a0-362-g5854e031c7 (webtiles) character file.

Game seed: 14529187935244841992

22 dracfodder the Skirmisher (level 2, 0/28 HPs)
             Began as a Minotaur Berserker on Apr 30, 2022.
             Was a Follower of Trog.
             Succumbed to an adder's poison
             ... on level 2 of the Dungeon.
             The game lasted 00:03:05 (1529 turns).

dracfodder the Skirmisher (Minotaur Berserker)      Turns: 1529, Time: 00:03:05

Health: 0/28       AC:  3    Str: 18 (21) XL:     2   Next: 68%
Magic:  1/1        EV: 11    Int:  2 (4)  God:    Trog [*.....]
Gold:   127        SH:  0    Dex:  6 (9)  Spells: 1/1 levels left

rFire   . . .      SeeInvis .   a - +0 hand axe
rCold   . . .      Faith    .   (no shield)
rNeg    . . .      Spirit   .   b - +0 leather armour
rPois   .          Reflect  .   (helmet restricted)
rElec   .          Harm     .   (no cloak)
rCorr   .          Rampage  .   (no gloves)
Will    .....                   (no boots)
Stlth   +.........              (no amulet)
HPRegen 0.09/turn               (no ring)
MPRegen 0.07/turn               (no ring)

@: lethally poisoned (0 -> -3)
A: horns 2, retaliatory headbutt
a: Renounce Religion, Berserk


You were on level 2 of the Dungeon.
You worshipped Trog.
Trog was aware of your devotion.
You visited 1 branch of the dungeon, and saw 2 of its levels.

You collected 127 gold pieces.

Inventory:

Hand Weapons
 a - a +0 hand axe (weapon)
Armour
 b - a +0 leather armour (worn)
Scrolls
 c - 4 scrolls of teleportation
Potions
 d - a potion of flight
 f - 3 potions of haste {unknown}
 g - a potion of curing {unknown}


   Skills:
 * Level 4.4 Fighting
 + Level 4.0 Axes
 + Level 2.5 Armour
 + Level 2.2 Dodging
 * Level 0.4 Unarmed Combat


You had one spell level left.
You didn't know any spells.
Your spell library was empty.

Dungeon Overview and Level Annotations

Branches:
Dungeon (2/15)

Altars:

Shops:
D:1 (

Annotations:
D:2 Sigmund


Innate Abilities, Weirdness & Mutations

You have a pair of horns on your head.
You reflexively headbutt those who attack you in melee.


Message History

You kill the quokka!
Trog accepts your kill.
An adder comes into view.
The goblin shoots a sling bullet.
The sling bullet hits you.
Okay, then.
The adder bites you but does no damage.
The goblin shoots a sling bullet.
The sling bullet closely misses you.
A kobold comes into view. It is wielding a +0 whip.
The kobold throws a stone.
The stone hits you but does no damage.
The goblin shoots a sling bullet.
The sling bullet barely misses you. The adder bites you.
The adder attacks as you move away! The adder bites you but does no damage.
The adder misses you.
Sigmund casts a spell.
Sigmund flickers and vanishes!
Deactivating autopickup; reactivate with Ctrl-A.
The kobold attacks as you move away! The kobold hits you with a +0 whip.
The kobold throws a stone.
The stone hits you but does no damage.
A magic dart appears from out of thin air!
The magic dart hits you!
* * * LOW HITPOINT WARNING * * *
The kobold throws a stone.
The stone closely misses you.
The kobold throws a stone.
The stone closely misses you.
You see here a bat skeleton.
The adder bites you but does no damage. The adder attacks as you move away!
The adder bites you but does no damage. The adder attacks as you move away!
The adder bites you.
* * * LOW HITPOINT WARNING * * *
Your hearing returns.
The adder attacks as you move away! The adder bites you.
* * * LOW HITPOINT WARNING * * *
You are lethally poisoned!
The adder poisons you!
* * * LOW HITPOINT WARNING * * *
You feel sick. The adder bites you.
* * * LOW HITPOINT WARNING * * *
It was a potion of degeneration.
There was something very wrong with that liquid.
You feel weakened.
You feel dopey.
You feel clumsy.
You die...

####......###############.#
#########################.##
>..........................#
############################
#...<# ####### ########.####
....... ...........#
#######################.#.##
.........รท.K..SS@..........#
......###################.##
...........................#
...K..######################
...S..# ......# ......#
......# #######


You could see 2 adders and a kobold.

Vanquished Creatures
  2 bats (D:2)
  2 endoplasms (D:2)
  2 giant cockroaches (D:1)
  A hobgoblin (D:1)
  2 quokkas
  A frilled lizard (D:1)
  A goblin (D:1)
  5 kobolds (D:1)
  5 rats (D:1)
21 creatures vanquished.

Notes
Turn   | Place    | Note
-------+----------+-------------------------------------------
     0 | D:1      | dracfodder the Minotaur Berserker began the quest for the
                  | Orb.
     0 | D:1      | Reached XP level 1. HP: 19/19 MP: 0/0
   500 | D:1      | Found Feavaf's Weapon Emporium.
   637 | D:1      | Reached XP level 2. HP: 27/27 MP: 1/1
  1114 | D:1      | Found a faded altar of an unknown god.
  1500 | D:2      | Noticed Sigmund
  1528 | D:2      | HP: 1/28 [adder (1)]
  1529 | D:2      | Succumbed to an adder's poison

Illustrated notes

Levels and vault maps discovered:
D:1:      dpeg_arrival_erosion, layout_basic, ebering_ecumenical_altar_mist,
          serial_shops, nicolae_shop_bloodbath_and_beyond
D:2:      layout_basic, serial_park_tiny_1, uniq_sigmund

Skill      XL: |  1  2 |
---------------+-------+-----
Fighting       | 4 |  4.4
Axes           | 4 |  4.0
Armour         | |  2.5
Dodging        | |  2.2
Unarmed Combat | |  0.4

Action                   || total
-------------------------++-------
Melee: Hand axe          ||    44
       Headbutt          ||     4
  Use: Scroll            ||     3
       Potion            ||     1
Armor: Leather armour    ||    17
Dodge: Dodged            ||    31

Table legend: (Time is in decaauts)
 A = Elapsed time spent in this place.
 B = Non-inter-level travel time spent in this place.
 C = Inter-level travel time spent in this place.
 D = Time resting spent in this place.
 E = Time spent auto-exploring this place.
 F = Levels seen in this place.
 G = Mean time per level.
                   A        B        C        D        E       F      G
               +--------+--------+--------+--------+--------+-----+--------+
         Total |   1533 |   1499 |     34 |      0 |   1312 |   2 |  766.5 |
       Dungeon |   1533 |   1499 |     34 |      0 |   1312 |   2 |  766.5 |
               +--------+--------+--------+--------+--------+-----+--------+

Top non-repeatable levels by time:
     D:1: 1190 daAuts
     D:2: 342 daAuts
